 Dungeon Crawl Stone Soup version 0.19.5 (webtiles) character file.

13257 strmesko the Thaumaturge (level 11, -5/64 HPs)
             Began as a Deep Elf Wizard on Apr 11, 2017.
             Was a High Priest of Vehumet.
             Slain by a death knight
             ... wielding a +2 broad axe
              (11 damage)
             ... on level 11 of the Dungeon.
             The game lasted 01:38:29 (12976 turns).

strmesko the Thaumaturge (Deep Elf Wizard)         Turns: 12976, Time: 01:38:30

Health: -5/64      AC:  4    Str:  4    XL:     11   Next: 73%
Magic:  7/30       EV: 13    Int: 27    God:    Vehumet [*****.]
Gold:   831        SH:  0    Dex: 13    Spells: 11 memorised, 8 levels left

rFire  . . .     SeeInvis .     R - +5 dagger (freeze)
rCold  . . .     Gourm    .     a - +0 robe
rNeg   + . .     Faith    .     (no shield)
rPois  .         Spirit   .     b - +0 hat
rElec  .         Reflect  .     (no cloak)
rCorr  .         Harm     .     I - +1 pair of gloves
MR     +....                    (no boots)
Stlth  ++........               (no amulet)
                                H - ring of positive energy
                                l - ring of flight

@: repel missiles
A: no striking features
a: Renounce Religion, Evoke Flight


You were on level 11 of the Dungeon.
You worshipped Vehumet.
Vehumet was extremely pleased with you.
You were not hungry.

You visited 2 branches of the dungeon, and saw 12 of its levels.
You also visited: Ossuary.

You collected 831 gold pieces.

Inventory:

Hand Weapons
 h - a +0 hand axe of chopping
 B - a +2 mace of holy wrath
 K - a +0 great sword of slicing
 R - a +5 dagger of freezing (weapon)
Missiles
 w - 7 silver javelins (quivered)
Armour
 a - a +0 robe (worn)
 b - a +0 hat (worn)
 o - a +2 leather armour of fire resistance
 I - a +1 pair of gloves (worn)
 L - the +0 plate armour of Protective Custody {+Inv rF+++ Int-2 Stlth+}
   (You found it on level 6 of the Dungeon)

   It affects your intelligence (-2).
   It renders you almost immune to fire.
   It lets you turn invisible.
   It makes you more stealthy.
Jewellery
 l - a ring of flight (left hand)
 H - a ring of positive energy (right hand)
 N - a +2 ring of dexterity
Wands
 u - a wand of disintegration (8/24)
 y - a wand of iceblast (9/15)
 D - a wand of lightning (4/15)
 G - a wand of random effects (15/48)
 J - a wand of enslavement (18/24)
 M - a wand of flame (28/48)
 P - a wand of iceblast (12/15)
Scrolls
 i - 6 scrolls of identify
 r - 4 scrolls of teleportation
 s - a scroll of enchant armour
 A - 3 scrolls of immolation
Potions
 e - 4 potions of curing
 g - a potion of haste
 k - 2 potions of agility
 m - 2 potions of lignification {unknown}
 p - 2 potions of degeneration
 q - 2 potions of brilliance
 x - a potion of cure mutation
 E - 2 potions of flight
Books
 c - a book of Minor Magic

   Spells                             Type                      Level
   a - Magic Dart                     Conjuration                  1
   b - Blink                          Translocation                2
   c - Call Imp                       Summoning                    2
   d - Repel Missiles                 Charms/Air                   2
   e - Slow                           Hexes                        2
   f - Conjure Flame                  Conjuration/Fire             3
   g - Mephitic Cloud                 Conjuration/Poison/Air       3
 t - a book of Conjurations

   Spells                             Type                      Level
   a - Magic Dart                     Conjuration                  1
   b - Searing Ray                    Conjuration                  2
   c - Dazzling Spray                 Conjuration/Hexes            3
   d - Fulminant Prism                Conjuration/Hexes            4
   e - Iskenderun's Mystic Blast      Conjuration                  4
   f - Iskenderun's Battlesphere      Conjuration/Charms           5
 F - a book of Flames

   Spells                             Type                      Level
   a - Flame Tongue                   Conjuration/Fire             1
   b - Throw Flame                    Conjuration/Fire             2
   c - Conjure Flame                  Conjuration/Fire             3
   d - Inner Flame                    Hexes/Fire                   3
   e - Sticky Flame                   Conjuration/Fire             4
   f - Fireball                       Conjuration/Fire             5
 O - a book of Battle

   Spells                             Type                      Level
   a - Infusion                       Charms                       1
   b - Shroud of Golubria             Charms/Translocation         2
   c - Song of Slaying                Charms                       2
   d - Spectral Weapon                Hexes/Charms                 3
   e - Regeneration                   Charms/Necromancy            3
Comestibles
 d - 9 bread rations
 f - 9 beef jerkies
 j - 5 meat rations
 n - 11 slices of pizza
 z - 2 fruits


   Skills:
 * Level 5.2 Fighting
 - Level 0.2 Short Blades
 - Level 2.4 Dodging
 - Level 2.4 Stealth
 + Level 13.3 Spellcasting
 * Level 12.8 Conjurations
   Level 1.1 Summonings
 - Level 1.1 Translocations
 * Level 9.1 Fire Magic
 - Level 2.0 Air Magic


You had 8 spell levels left.
You knew the following spells:

 Your Spells              Type           Power        Failure   Level  Hunger
a - Magic Dart            Conj           ####         0%          1    None
b - Blink                 Tloc           N/A          3%          2    None
c - Repel Missiles        Chrm/Air       ###...       3%          2    None
d - Conjure Flame         Conj/Fire      ######..     1%          3    None
e - Mephitic Cloud        Conj/Pois/Air  #####...     1%          3    None
f - Flame Tongue          Conj/Fire      #####        1%          1    None
g - Sticky Flame          Conj/Fire      ######..     1%          4    None
h - Fireball              Conj/Fire      ######....   1%          5    ##.....
i - Shroud of Golubria    Chrm/Tloc      ###.......   4%          2    None
j - Throw Frost           Conj/Ice       ######       1%          2    None
k - Regeneration          Chrm/Necr      ###.......   12%         3    None


Dungeon Overview and Level Annotations

Branches:
Dungeon (11/15)            Temple (1/1) D:7             Orc (0/2) D:11
   Lair: D:8-11

Altars:
Ashenzari
Cheibriados
Dithmenos
Elyvilon
Fedhas
Gozag
Hepliaklqana
Kikubaaqudgha
Makhleb
Nemelex Xobeh
Okawaru
Qazlal
Ru
Sif Muna
Trog
Uskayaw
Vehumet
Xom
Yredelemnul
Zin
The Shining One

Annotations:
D:6 exclusion: oklob plant
D:10 Fannar


Message History

A white ugly thing comes into view.
All of the chunks of flesh in your inventory have rotted away.
The white ugly thing gurgles horribly!
The white ugly thing pecks you! The white ugly thing freezes you!
Casting: Conjure Flame
Confirm with . or Enter, or press ? or * to list all spells.
Aiming: Sticky Flame
Press: ? - help, Shift-Dir - straight line, f - white ugly thing
Aim: a white ugly thing The sticky flame hits the white ugly thing.
The white ugly thing is moderately wounded.
The white ugly thing is covered in liquid flames!
The white ugly thing burns!
The white ugly thing pecks you! The white ugly thing freezes you!!
* * * LOW HITPOINT WARNING * * *
Casting: Sticky Flame
Confirm with . or Enter, or press ? or * to list all spells.
You blink.
The white ugly thing burns!
The death knight hits you with an enchanted broad axe!
You die...

#################################
.................................
......##..............#....##....
.###..##..............#....##....
...[..##....#.........#....##....
...............p@.....§u.........
.......###################....###
.......# #.##.#.. .......#
#.##.#.. .......# #....###
.p..#### #....> .##.# #.####
.##.# #.. ....#


You could see a death knight and a white ugly thing (burning).

Vanquished Creatures
  Snorg (D:11)
  3 hill giants
  A troll (D:11)
  Prince Ribbit (D:8)
  A two-headed ogre (D:8)
  2 hippogriffs (D:8)
  A wraith (D:9)
  A wyvern (D:10)
  3 hogs (D:7)
  10 yaks
  A human (D:7)
  3 hungry ghosts
  2 wargs (D:11)
  A water moccasin (D:10)
  4 orc warriors
  4 ice beasts
  3 sky beasts
  A necrophage (D:8)
  2 black bears
  3 phantoms
  11 ogres
  5 centaurs
  5 big kobolds (D:11)
  7 bullfrogs
  2 gnoll sergeants
  A water moccasin zombie (D:6)
  3 scorpions
  20 killer bees
  10 howler monkeys
  9 wights
  5 crimson imps
  A bullfrog zombie (D:6)
  A quasit (D:9)
  2 hounds
  5 orc priests
  2 centaur skeletons
  5 jellies
  8 orc wizards
  Natasha (thrice) (D:3)
  3 iguanas
  7 worker ants
  3 big kobold zombies (Ossuary)
  A hound zombie (D:8)
  2 mummies (Ossuary)
  A howler monkey zombie (D:9)
  9 adders
  11 gnolls
  A worker ant zombie (D:10)
  A shadow imp (D:7)
  An ooze (D:2)
  2 adder zombies
  4 worms
  2 dart slugs
  5 leopard geckos
  27 orcs
  6 bats
  3 giant cockroaches
  2 gnoll zombies (Ossuary)
  5 goblins
  8 hobgoblins
  6 jackals
  5 kobolds
  5 quokkas
  3 ball pythons
  6 frilled lizards
  4 goblin zombies (Ossuary)
  2 hobgoblin zombies (Ossuary)
  A leopard gecko skeleton (D:9)
  3 orc zombies (Ossuary)
  A quokka skeleton (D:5)
  A quokka zombie (D:5)
  11 rats
305 creatures vanquished.

Notes
Turn   | Place    | Note
-------+----------+-------------------------------------------
     0 | D:1      | strmesko the Deep Elf Wizard began the quest for the Orb.
     0 | D:1      | Reached XP level 1. HP: 10/10 MP: 7/7
   183 | D:1      | Reached skill level 5 in Spellcasting
   189 | D:1      | Reached XP level 2. HP: 15/15 MP: 5/10
   193 | D:1      | Learned a level 2 spell: Blink
   196 | D:1      | Learned a level 2 spell: Repel Missiles
   718 | D:1      | Reached XP level 3. HP: 17/19 MP: 7/12
   723 | D:1      | Learned a level 3 spell: Conjure Flame
   727 | D:1      | Learned a level 3 spell: Mephitic Cloud
  1330 | D:2      | Reached skill level 6 in Spellcasting
  1594 | D:2      | Found a radiant altar of Vehumet.
  1595 | D:2      | Found a white marble altar of Elyvilon.
  1596 | D:2      | Found an opulent altar of Gozag.
  1731 | D:3      | Noticed a black bear
  1746 | D:3      | Killed a black bear
  1746 | D:3      | Reached XP level 4. HP: 10/24 MP: 7/14
  1746 | D:3      | Reached XP level 5. HP: 12/28 MP: 8/16
  1886 | D:3      | Noticed Natasha
  1910 | D:3      | Killed Natasha
  2230 | D:3      | Noticed Natasha
  2237 | D:3      | Killed Natasha
  2332 | D:3      | Reached skill level 7 in Spellcasting
  2507 | D:2      | Found a shimmering altar of Xom.
  2507 | D:2      | Found a glowing golden altar of the Shining One.
  2515 | D:2      | Became a worshipper of Vehumet
  2767 | D:4      | Reached XP level 6. HP: 32/32 MP: 12/18
  2821 | D:4      | Reached skill level 5 in Conjurations
  3463 | D:4      | Reached skill level 8 in Spellcasting
  3463 | D:4      | Reached XP level 7. HP: 34/36 MP: 7/20
  3520 | D:5      | Entered Level 5 of the Dungeon
  3679 | D:5      | Found a burning altar of Makhleb.
  3713 | D:5      | Found a hide-covered altar of Uskayaw.
  3754 | D:5      | Found a sand-covered staircase.
  3777 | D:5      | Reached skill level 1 in Fire Magic
  3787 | Ossuary  | Entered an ossuary
  4027 | Ossuary  | Reached * piety under Vehumet
  4027 | Ossuary  | Offered knowledge of Freeze by Vehumet.
  4030 | Ossuary  | Learned a level 1 spell: Flame Tongue
  4035 | Ossuary  | Learned a level 4 spell: Sticky Flame
  4041 | Ossuary  | Learned a level 5 spell: Fireball
  4197 | D:5      | Learned a level 1 spell: Freeze
  4398 | D:5      | Reached skill level 9 in Spellcasting
  4398 | D:5      | Reached XP level 8. HP: 22/41 MP: 16/23
  4916 | D:6      | Found a white marble altar of Elyvilon.
  4917 | D:6      | Noticed an oklob plant
  5127 | D:6      | Got a faintly humming plate armour
  5138 | D:6      | Identified the +0 plate armour of Protective Custody {+Inv rF+++ Int-2 Stlth+} (You found it on level 6 of the Dungeon)
  5370 | D:6      | Reached skill level 1 in Fighting
  5430 | D:6      | Found a hazy altar of Hepliaklqana.
  5452 | D:6      | Offered knowledge of Throw Frost by Vehumet.
  5452 | D:6      | Reached skill level 10 in Spellcasting
  5456 | D:6      | Learned a level 2 spell: Throw Frost
  5643 | D:6      | Reached ** piety under Vehumet
  6108 | D:7      | Reached XP level 9. HP: 26/48 MP: 22/25
  6480 | D:7      | Reached skill level 1 in Air Magic
  6559 | D:7      | Found a staircase to the Ecumenical Temple.
  6565 | Temple   | Entered the Ecumenical Temple
  6981 | D:7      | Offered knowledge of Static Discharge by Vehumet.
  6985 | D:7      | Learned a level 2 spell: Shroud of Golubria
  7071 | D:7      | Reached skill level 10 in Conjurations
  7188 | D:6      | Reached *** piety under Vehumet
  7201 | D:6      | Reached skill level 5 in Fire Magic
  7327 | D:7      | Reached skill level 11 in Spellcasting
  7467 | D:7      | Learned a level 3 spell: Regeneration
  7658 | D:7      | Reached XP level 10. HP: 47/56 MP: 21/27
  8319 | D:8      | Offered knowledge of Stone Arrow by Vehumet.
  8423 | D:8      | Noticed Prince Ribbit
  8433 | D:8      | Killed Prince Ribbit
  9284 | D:8      | Reached **** piety under Vehumet
  9819 | D:9      | Offered knowledge of Venom Bolt by Vehumet.
  9886 | D:9      | Found a runed door.
  9930 | D:9      | Reached skill level 12 in Spellcasting
 10355 | D:9      | Found a blossoming altar of Fedhas.
 10355 | D:9      | Found an ancient bone altar of Kikubaaqudgha.
 10355 | D:9      | Found a sacrificial altar of Ru.
 10587 | D:9      | Reached XP level 11. HP: 48/61 MP: 16/29
 10728 | D:9      | Found a basalt altar of Yredelemnul.
 11000 | D:3      | Noticed Natasha
 11004 | D:3      | Killed Natasha
 11169 | D:10     | Entered Level 10 of the Dungeon
 11296 | D:10     | Noticed a hill giant
 11310 | D:10     | Killed a hill giant
 11534 | D:10     | Noticed Fannar
 11990 | D:10     | Noticed a hill giant
 12002 | D:10     | Killed a hill giant
 12172 | D:11     | Noticed a hill giant
 12183 | D:11     | Killed a hill giant
 12699 | D:11     | Reached ***** piety under Vehumet
 12699 | D:11     | Offered knowledge of Poison Arrow by Vehumet.
 12702 | D:11     | Reached skill level 13 in Spellcasting
 12704 | D:11     | Noticed Snorg
 12747 | D:11     | Killed Snorg
 12918 | D:11     | Found a staircase to the Orcish Mines.
 12921 | D:11     | Reached skill level 5 in Fighting
 12931 | D:11     | Noticed a death knight
 12971 | D:11     | Noticed a white ugly thing
 12976 | D:11     | Slain by a death knight

Skill      XL: |  1  2  3  4  5  6  7  8  9 10 11 |
---------------+----------------------------------+-----
Spellcasting   | 5 6 7 8 9 10 11 12 13 | 13.3
Conjurations   | 3 4 5 7 9 10 11 12 | 12.8
Fire Magic     | 1 3 5 7 9 |  9.1
Fighting       | 1 3 4 5 |  5.2
Air Magic      | 2 |  2.0
Short Blades   | |  0.2
Dodging        | |  2.4
Stealth        | |  2.4
Summonings     | |  1.1
Translocations | |  1.1

Action                   |  1- 3 |  4- 6 |  7- 9 | 10-12 || total
-------------------------+-------+-------+-------+-------++-------
Melee: Unarmed           |     1 |       |       |       ||     1
       Dagger            |    12 |    22 |    11 |    18 ||    63
       Falchion          |     1 |       |       |       ||     1
       Mace              |       |     3 |    36 |       ||    39
       Hand axe          |       |    11 |    26 |       ||    37
       Great sword       |       |       |    17 |    18 ||    35
 Cast: Magic Dart        |   101 |    84 |   115 |    31 ||   331
       Mephitic Cloud    |     1 |     4 |    19 |    22 ||    46
       Blink             |     1 |     1 |     1 |     5 ||     8
       Conjure Flame     |       |     1 |    14 |    15 ||    30
       Repel Missiles    |       |     1 |     1 |       ||     2
       Sticky Flame      |       |       |    27 |    49 ||    76
       Freeze            |       |       |     1 |       ||     1
       Flame Tongue      |       |       |    98 |   133 ||   231
       Throw Frost       |       |       |     1 |     6 ||     7
       Fireball          |       |       |       |    29 ||    29
       Regeneration      |       |       |       |     1 ||     1
  Use: Scroll            |       |       |    17 |     4 ||    21
       Potion            |       |       |       |     3 ||     3
 Stab: Sleeping          |     3 |       |       |     1 ||     4
       Confused          |     1 |     1 |     3 |     6 ||    11
  Eat: Chunk             |     2 |     4 |    15 |    18 ||    39
Armor: Robe              |     3 |     4 |    21 |     8 ||    36
Dodge: Dodged            |    16 |    29 |    80 |    37 ||   162
       Deflected         |       |       |     2 |       ||     2
       Rpst.: Falchion   |     1 |       |       |       ||     1
       Great sword       |       |       |     2 |     8 ||    10
